Cogmind - Beta 10.2 @@@ ROGUE MODE // 2021.04.09 @ 18:01:24 Player: ChromeKnight Result: Self-destructed Performance ------------- Evolutions (1) 500 Regions Visited (3) 600 Robots Destroyed (7) 35 Value Destroyed (203) 203 Prototype IDs (1) 20 Alien Tech Used (0) 0 Bonus (0) 0 TOTAL SCORE: 1358 Bonus ------- None Cogmind --------- Core Integrity 30/400 Matter 275/300 Energy 28/100 System Corruption 0% Temperature Cool (0) Movement Core (200) Ox3 Location -9/Materials Parts ------- > --- POWER (1) -------- (None) > --- PROPULSION (2) --- (None) > --- UTILITY (4) ------ Medium Storage Unit Advanced Signal Interpreter > --- WEAPON (2) ------- Plasma Cutter Plasma Cutter > --- INVENTORY (8) ---- Large Matter Pod (150) Improved Sensor Array Improved Sensor Array Decoy Drone Bay (16/16) Peak State ------------ > --- POWER ------------ Deuterium Engine > --- PROPULSION ------- Compact Wheel Compact Wheel > --- UTILITY ---------- Medium Storage Unit Advanced Signal Interpreter Decoy Drone Bay > --- WEAPON ----------- Mining Claw Mining Claw > --- INVENTORY -------- Large Matter Pod Maneuvering Thrusters Heavy Armor Plating Shock Rifle Mining Claw [Rating: 26] Favorites ----------- Power Deuterium Engine Engine Deuterium Engine Propulsion Compact Wheel Wheel Compact Wheel Utility Medium Storage Unit Device Heat Sink Storage Medium Storage Unit Processor Advanced Signal Interpreter Protection Heavy Armor Plating Weapon Mining Claw Energy Gun Medium Laser Special Weapon Plasma Cutter Slashing Weapon Mining Claw Build | -11 -10 -10 -9 ------- Run | Scr Mat Min Mat Slots Evolved 2 | . . . 2 Power . | . . . . Propulsion . | . . . . Utility 2 | . . . 2 Weapon . | . . . . Parts Attached 22 | 6 3 5 8 Power 3 | 1 . 2 . Engine 3 | 1 . 2 . Core . | . . . . Reactor . | . . . . Propulsion 3 | 2 . 1 . Treads . | . . . . Leg . | . . . . Wheel 3 | 2 . 1 . Hover . | . . . . Flight . | . . . . Utility 7 | 1 1 1 4 Device 3 | . . . 3 Storage 2 | 1 1 . . Processor 1 | . . 1 . Hackware . | . . . . Protection 1 | . . . 1 Artifact . | . . . . Weapon 9 | 2 2 1 4 Energy Gun 3 | 2 . . 1 Energy Cannon . | . . . . Ballistic Gun . | . . . . Ballistic Cannon . | . . . . Launcher . | . . . . Special Weapon 2 | . . . 2 Impact Weapon . | . . . . Slashing Weapon 4 | . 2 1 1 Piercing Weapon . | . . . . Special Melee Weapon . | . . . . Unidentified Prototypes 1 | . . . 1 Parts Lost 9 | . . 2 7 Power 2 | . . 1 1 Propulsion 3 | . . 1 2 Utility 2 | . . . 2 Weapon 2 | . . . 2 Highest Loss Streak 4 | . . 2 4 Average Slot Usage (%) 83 | . 85 88 74 Engine 10 | . 14 13 5 Wheel 23 | . 28 27 14 Device 2 | . . . 8 Storage 12 | . 14 14 11 Processor 5 | . . 4 11 Protection 1 | . . . 3 Energy Gun 2 | . 10 . . Slashing Weapon 23 | . 18 28 20 Naked Turns . | . . . . Heaviest Build 27 | 13 17 21 27 Greatest Support 32 | 26 26 32 32 Greatest Overweight (x) 8 | 1 . 1 8 Average Overweight (x) . | . . . . Largest Inventory Capacity 10 | 6 10 8 8 Average Capacity 7 | 5 6 8 8 Most Carried 8 | 1 4 8 8 Average Carried 5 | . 3 6 7 Final Capacity 8 | 6 8 8 8 Final Carried 8 | 1 4 8 5 Class Distribution -------------------- 100% | Mutant Dominant Class ---------------- Mutant | -10/Materials Mutant | -10/Mines Mutant | -9/Materials Resources | -11 -10 -10 -9 ----------- Run | Scr Mat Min Mat Matter Collected 530 | 243 167 75 45 Remotely . | . . . . Salvage Created 235 | . . 129 106 Parts 16 | . . 5 11 Haulers Intercepted . | . . . . Recyclers Shooed 1 | . . 1 . Parts Field Recycled . | . . . . Retrieved Matter . | . . . . Parts Self-Destructed . | . . . . Prevented . | . . . . Kills | -11 -10 -10 -9 ------- Run | Scr Mat Min Mat Combat Hostiles Destroyed 7 | . . 3 4 Melee 5 | . . 3 2 Guns 2 | . . . 2 Classes Destroyed 3 | . . 1 2 Swarmer 3 | . . . 3 Grunt 3 | . . 3 . Sentry 1 | . . . 1 Best Kill Streak 2 | . . 2 2 Combat Bots Only 2 | . . 2 2 Max Kills in Single Turn 1 | . . 1 1 Gunslinging . | . . . . Exploded . | . . . . Melee 1 | . . 1 1 Uniques/NPCs Destroyed . | . . . . Combat | -11 -10 -10 -9 -------- Run | Scr Mat Min Mat Damage Taken 1215 | . . 284 931 Core 459 | . . 89 370 Absorbed by Shields . | . . . . Core Remaining (%) 82 | 100 . 64 . Volleys Fired 4 | . . . 4 Largest 2 | . . . 2 Hottest 50 | . . . 50 Shots Fired 5 | . . . 5 Gun 3 | . . . 3 Cannon . | . . . . Launcher . | . . . . Special 2 | . . . 2 Kinetic . | . . . . Thermal 2 | . . . 2 Explosive . | . . . . Electromagnetic 3 | . . . 3 Robot Hit Streak 3 | . . . 3 Robot Miss Streak 1 | . . . 1 Penetration Max . | . . . . Secondary Targets . | . . . . Shots Hit Robots 25 | . 2 10 13 Core Hits 10 | . . 5 5 Critical Hits 3 | . . 3 . Critical Kills . | . . . . Critical Parts Destroyed 3 | . . 3 . Melee Attacks 32 | . 4 16 12 Impact . | . . . . Slashing 32 | . 4 16 12 Piercing . | . . . . Sneak Attacks 1 | . . 1 . Combat Hostiles . | . . . . Follow-up Attacks 7 | . 2 4 1 Damage Inflicted 571 | . 46 284 241 Guns 29 | . . . 29 Cannons . | . . . . Explosions . | . . . . Melee 520 | . 46 284 190 Ramming . | . . . . Kinetic . | . . . . Thermal 22 | . . . 22 Explosive . | . . . . Electromagnetic 29 | . . . 29 Impact . | . . . . Slashing 520 | . 46 284 190 Piercing . | . . . . Highest Corruption . | . . . . Average Corruption . | . . . . Corruption Purged . | . . . . Overload Shots . | . . . . Overflow Damage . | . . . . Projectiles . | . . . . Explosions . | . . . . Melee . | . . . . Knockbacks . | . . . . Impact . | . . . . Kinetic . | . . . . Secondary . | . . . . Self-Inflicted Damage . | . . . . Shots . | . . . . Rammed . | . . . . Targets Rammed . | . . . . Kicked . | . . . . Crushed . | . . . . Highest Temperature 6 | . . . 6 Average Temperature 4 | . . . 4 Received Heat Transfer 357 | . . 141 216 Siege Activations . | . . . . Robots Corrupted . | . . . . Combat Hostiles . | . . . . Parts Fried . | . . . . Impact Corruptions . | . . . . Robots Melted . | . . . . Combat Hostiles . | . . . . Parts Melted . | . . . . Heat Transferred 74 | . . . 74 Parts Sabotaged . | . . . . Parts Stolen . | . . . . Parts Stripped . | . . . . Power Chain Reactions . | . . . . Missiles Intercepted . | . . . . Alert | -11 -10 -10 -9 ------- Run | Scr Mat Min Mat Peak Influence 131 | . 23 83 131 Initial 31 | . . 8 31 Average 41 | . 8 52 50 Maximum Alert Level . | . . . . Low Security (%) 100 | 100 100 100 100 Level 1 . | . . . . Level 2 . | . . . . Level 3 . | . . . . Level 4 . | . . . . Level 5 . | . . . . High Security . | . . . . Max Security . | . . . . Squads Dispatched 1 | . . . 1 Investigation . | . . . . Extermination . | . . . . Reinforcement 1 | . . . 1 Assault . | . . . . Garrison . | . . . . Intercept . | . . . . Construction Impeded . | . . . . Haulers Reinforced . | . . . . Stealth | -11 -10 -10 -9 --------- Run | Scr Mat Min Mat Distress Signals 3 | . . . 3 Communications Jammed . | . . . . Distress Signals . | . . . . Times Spotted 18 | . 2 3 13 Peak Tracking Total 12 | . 2 2 12 Tactical Retreats 2 | . . . 2 Traps | -11 -10 -10 -9 ------- Run | Scr Mat Min Mat Traps Triggered . | . . . . Indirectly . | . . . . Trap Hack Attempts . | . . . . Triggered . | . . . . Disarmed . | . . . . Reprogrammed . | . . . . Reused . | . . . . Traps Extracted . | . . . . Installed . | . . . . Triggered . | . . . . Machines | -11 -10 -10 -9 ---------- Run | Scr Mat Min Mat Machines Disabled . | . . . . Max in Single Turn . | . . . . Machines Sabotaged . | . . . . Garrisons Compromised . | . . . . Overloaded Fab Kills . | . . . . Fab Network Shutdowns . | . . . . Hacking | -11 -10 -10 -9 --------- Run | Scr Mat Min Mat Machines Accessed 3 | . 1 2 . Terminals 1 | . 1 . . Fabricators . | . . . . Repair Stations . | . . . . Recycling Units . | . . . . Scanalyzers . | . . . . Garrison Access . | . . . . Total Hacks 3 | . 1 2 . Successful 3 | . 1 2 . Failed . | . . . . Catastrophic . | . . . . Database Lockouts . | . . . . Manual 1 | . 1 . . Terminals 1 | . 1 . . Fabricators . | . . . . Repair Stations . | . . . . Recycling Units . | . . . . Scanalyzers . | . . . . Garrison Access . | . . . . Terminal Hacks 3 | . 1 2 . Open Door 2 | . . 2 . Branch Access Points 1 | . 1 . . Fabricator Hacks . | . . . . Repair Station Hacks . | . . . . Recycling Unit Hacks . | . . . . Scanalyzer . | . . . . Garrison Access Hacks . | . . . . Unauthorized Hacks . | . . . . Terminals . | . . . . Fabricators . | . . . . Repair Stations . | . . . . Recycling Units . | . . . . Scanalyzers . | . . . . Garrison Access . | . . . . Data Cores Recovered . | . . . . Used . | . . . . Hacking Detections . | . . . . Full Trace Events . | . . . . Feedback Events . | . . . . Feedback Blocked . | . . . . Robot Schematics Acquired . | . . . . Robots Built . | . . . . Matter . | . . . . Time . | . . . . Total Robot Build Rating . | . . . . Part Schematics Acquired . | . . . . Parts Built . | . . . . Matter . | . . . . Time . | . . . . Total Part Build Rating . | . . . . Parts Repaired . | . . . . Time . | . . . . Parts Recycled . | . . . . Recycled Matter . | . . . . Retrieved Matter . | . . . . Retrieved Components . | . . . . Parts Scanalyzed . | . . . . Part Schematics Acquired . | . . . . Parts Damaged . | . . . . Bothacking | -11 -10 -10 -9 ------------ Run | Scr Mat Min Mat Used RIF Installer . | . . . . Robots Hacked . | . . . . Non-combat . | . . . . Combat . | . . . . Robot Hacks Applied . | . . . . Relay Couplers Released . | . . . . Robots Rewired . | . . . . Allies Hacked . | . . . . Hacks Repelled . | . . . . Allies | -11 -10 -10 -9 -------- Run | Scr Mat Min Mat Total Allies . | . . . . Largest Group . | . . . . Highest-Rated Group . | . . . . Highest-Rated Ally . | . . . . Total Orders . | . . . . Ally Attacks . | . . . . Total Damage . | . . . . Kills . | . . . . Allies Corrupted . | . . . . Allies Melted . | . . . . Intel | -11 -10 -10 -9 ------- Run | Scr Mat Min Mat Robot Analysis Total . | . . . . Derelict Logs Recovered . | . . . . Drone Launches . | . . . . Drone Recoveries . | . . . . Exploration | -11 -10 -10 -9 ------------- Run | Scr Mat Min Mat Turns Passed 717 | 37 134 307 239 Spaces Moved 549 | 33 130 236 150 Core 19 | 9 . . 10 Treads . | . . . . Legs . | . . . . Wheels 530 | 24 130 236 140 Hover . | . . . . Flight . | . . . . Fastest Speed 50 | 50 90 90 100 Average Speed 100 | 83 90 100 114 Slowest Speed 450 | 100 90 110 450 Overloaded Moves . | . . . . Propulsion Burnouts . | . . . . Robots Hopped . | . . . . Cave-ins Triggered . | . . . . Exploration Rate (%) 22 | 3 31 36 21 Regions Visited 3 Branch Regions 1 Pre-discovered Areas . | . . . . Known Exits Taken 2 | . 1 1 . Unknown Exits Taken 1 | 1 . . . Scrap Searched . | . . . . Spaces Dug 2 | . . . 2 Terrain Destroyed 2 | . . . 2 Melee 2 | . . . 2 Projectile . | . . . . AOE . | . . . . Terrain Rammed . | . . . . Walls Destroyed . | . . . . Machines Disabled . | . . . . Actions | -11 -10 -10 -9 --------- Run | Scr Mat Min Mat Total 650 | 39 142 281 188 Wait 25 | . . 18 7 Move 546 | 32 129 235 150 Hop . | . . . . Pick Up 16 | 1 4 7 4 Fast Attach 11 | 6 3 1 1 Attach 8 | . . 2 6 Detach 1 | . . . 1 Swap 3 | . . 2 1 Drop 11 | . 4 4 3 Fire 4 | . . . 4 Melee 25 | . 2 12 11 Ram . | . . . . Kick . | . . . . Crush . | . . . . Escape Stasis . | . . . . Rewire . | . . . . Trap . | . . . . Miscellaneous . | . . . . Route ------- -11/Scrapyard -10/Materials (discovered 2 exits: *Min x2) -10/Mines -9/Materials History --------- Turn | Location | Event 23 | -11/Scrapyard | Discovered new exit (range 14) 38 | -11/Scrapyard | Entered Materials 96 | -10/Materials | Discovered new exit (range 13) 107 | -10/Materials | Identified exit to Mines 172 | -10/Materials | Entered Mines 286 | -10/Mines | Met a Derelict who couldn't figure out how to use a Trap Extractor 329 | -10/Mines | Build established: Mutant 379 | -10/Mines | Found the Drone Emporium 389 | -10/Mines | Found Prototype Device 469 | -10/Mines | Discovered new exit (range 11) 478 | -10/Mines | Identified exit to Materials 479 | -10/Mines | Entered Materials 479 | -9/Materials | Evolved 2 slots: Utility x2 479 | -9/Materials | Identified Decoy Drone Bay 629 | -9/Materials | Lost 3 parts (1p1n1u) 691 | -9/Materials | Core integrity fell below 50% 710 | -9/Materials | Core integrity fell below 20% 718 | -9/Materials | Self-destructed Last Messages --------------- 00598_ Terminal disabled. 00610_ ALERT: Hostiles spotted, dispatching reinforcements to Terminal M009. 00616_ Dropped Heat Sink. 00616_ W-16 Scout sends out distress signal. 00621_ U-05 Engineer lays Concrete. 00624_ K-01 Serf collects debris. 00635_ Acquired Imp. Sensor Array. 00635_ K-01 Serf collects debris. 00637_ Acquired Imp. Sensor Array. 00666_ S-10 Pest destroyed. 00669_ Acquired 10 matter. 00675_ Com. Wheel destroyed. 00675_ S-10 Pest destroyed. 00684_ Scanalyzer disabled. 00687_ Hvy. Armor Plating destroyed. 00687_ Mining Claw destroyed. 00698_ S-10 Pest destroyed. 00706_ Shock Rifle destroyed. 00711_ Dropped Mining Claw. Map ----- +----------------------------------------------------+ | "" """ ##+##?????????????? | | R """ #??????????????????? | | "" #??????????????????? | | "" #??????????????????? | | #??????????????????? | | #??????????????????? | | ##+##### #????????????#?????? | | #+#####??????? #?????? | | # #?????? #?????? | | """ # #????## ##???#? | | """ # ###### #?? #? | | """ # / #?? #? | | !! """ " # #?? #? | | ! """ # ###+## #?? #? | | ! # ## [%#+#####+#? | | # ## #==% #? | | ######## ## # = "" #? | | ???????# ## # ! g"" #? | | ???????# ## # S" #? | | ???????# ## # #? | | ???????######## #""" #? | | ??????????????#####""" != #? | | ??????????????????#""" bYg#? | | ??????????????????# =%[#? | | ??????????????????#######Y##? | | ????????????????????????#@#?? | | ????????????????????????# #?? | | ????????????????????????# #?? | | ????????????????????????# #?? | | ????????????????????????# #?? | | ????????????????????????# #?? | | ????????????????????????# #?? | | ????????????????????????# #?? | | ???????????????????????? #?? | | ???????????????????????? #?? | | ???????????????????????? #?? | | ???????????????????????? ??? | | ???????????????????????? ??? | | ???????????????????????? ??? | | ???????????????????????? ??? | | ???????????????????????? ??? | | ???????????????????????? ??? | | ???????????????????????? ??? | | ????????????????????????????? | | ????????????????????????????? | | ????????????????????????????? | | ????????????????????????????? | | ????????????????????????????? | | ????????????????????????????? | | ????????????????????????????? | +----------------------------------------------------+ Best States ------------- Heat Dissipation 38 Energy Generation 14 Energy Capacity 275 Matter Stores 300 Matter Capacity 300 Sight Range 16 Terrain Scan Density 10 Armor Coverage 600 Evasion (%) 42 Item Schematics ----------------- None Robot Schematics ------------------ None Fabricated ------------ Nothing Alien Tech Used ----------------- None Achievements -------------- None Challenges ------------ None Game ------ Seed LauncherThiefNullifier Manual? 0 Play Time 00:07:56 Cumulative 133.0 hours Start 2021.04.09 @ 17:55:56 End 2021.04.09 @ 18:01:24 Sessions 1 Manual Loads 0 Difficulty Rogue Special Mode None Game No. 301 Rogue 148 Adventurer 148 Explorer 5 Win Type - Total 3 Types 3/0/0/0/0/0/0/0/0 Lore% 66 Gallery% 73 Achievement% 57 Wizard Run 0 Options --------- ASCII 0 Keyboard 0 Movement Numpad Keybinds 0 Fullscreen 1 Font 18/CogNarrow Map View 76x50 Tactical HUD 1 Map Filters NONE Filters NONE Steam 1 RUN: bf41ed38-95a6-415f-a029-028175c93f6b